 Dungeon Sprint DCSS version 0.24.1-8-ga250c9d538 (webtiles) character file.

Game seed: 18326987702165160897, levelgen mode: deterministic

995 Hugehornet the Basher (level 8, -1/46 HPs)
             Began as a Gargoyle Fighter on Apr 30, 2020.
             Was an Initiate of Okawaru.
             Slain by a hornet (6 damage)
             ... in the Dungeon (Sprint II: "The Violet Keep of Menkaure").
             The game lasted 00:05:30 (892 turns).

Hugehornet the Basher (Gargoyle Fighter)             Turns: 892, Time: 00:05:31

Health: -1/46      AC: 14    Str: 21    XL:     8   Next: 19%
Magic:  8/8        EV:  7    Int: 10    God:    Okawaru [......]
Gold:   228        SH:  9    Dex:  9    Spells: 7/7 levels left

rFire    . . .     SeeInvis .   a - +0 flail
rCold    . . .     Gourm    .   c - +0 shield
rNeg     + . .     Faith    .   b - +0 scale mail
rPois    ∞         Spirit   .   (no helmet)
rElec    +         Reflect  .   (no cloak)
rCorr    .         Harm     .   (no gloves)
MR       .....     NoTele   +   (no boots)
Stlth    ..........             (no amulet)
HPRegen  0.15/turn              (no ring)
MPRegen  0.11/turn              (no ring)

@: no status effects
A: negative energy resistance 1, electricity resistance, unbreathing,
petrification resistance, rot immunity, AC +5
a: Renounce Religion


You were in the Dungeon.
You worshipped Okawaru.
Okawaru was noncommittal.
You were not hungry.

You visited 1 branch You collected 972 gold pieces.
You spent 744 gold pieces at shops.

Inventory:

Hand Weapons
 a - a +0 flail (weapon)
Armour
 b - a +0 scale mail (worn)
 c - a +0 shield (worn)
Jewellery
 d - the amulet "Alotruob" {Reflect rF+ MR- Slay+5 SH+4 SInv}
   (You bought it in a shop in the Dungeon)

   [amulet of reflection]

   It shields you and reflects attacks.
   It affects your accuracy and damage with ranged weapons and melee attacks
   (+5).
   It protects you from fire.
   It affects your resistance to hostile enchantments.
   It lets you see invisible.
   It affects your SH (+4).
Scrolls
 k - a scroll of blinking
Potions
 e - a potion of curing
 g - a potion of heal wounds
 h - 2 potions of haste
 i - 2 potions of magic
Comestibles
 f - a ration


   Skills:
 - Level 3.2 Fighting
 - Level 14.4 Maces & Flails
 - Level 10.3 Armour
 + Level 3.2 Shields


You had 7 spell levels left.
You didn't know any spells.
Your spell library was empty.

Dungeon Overview and Level Annotations

Branches:
Dungeon (1/1)

Altars:
Cheibriados
Dithmenos
Elyvilon
Fedhas
Gozag
Hepliaklqana
Kikubaaqudgha
Makhleb
Nemelex Xobeh
Okawaru
Qazlal
Ru
Sif Muna
Trog
Uskayaw
Vehumet
Wu Jian
Xom
Yredelemnul
Zin
The Shining One
Beogh
Jiyva
Lugonu

Shops:
D (:?(=}%!*[??![=:

Annotations:
D exclusions: obsidian statue and oklob plant


Innate Abilities, Weirdness & Mutations

You are resistant to torment.
Your stone body is resilient. (AC +5)
You are immune to poison.
You resist negative energy. (rN+)
You are resistant to electric shocks. (rElec)
You can survive without breathing.
You are immune to petrification.
You are immune to rotting.


Message History

* * * LOW HITPOINT WARNING * * *
The polar bear claws you but does no damage.
The polar bear barely misses you.
You hit the hornet but do no damage.
The hornet is severely wounded.
The hornet stings you but does no damage.
You block the hornet's attack.
The polar bear bites you but does no damage.
You block the polar bear's attack.
The polar bear claws you but does no damage.
You sock the hornet!
The hornet is almost dead.
You block the hornet's attack.
You closely miss the hornet.
The hornet is almost dead.
You block the polar bear's attack. The polar bear claws you.
* * * LOW HITPOINT WARNING * * *
The polar bear claws you but does no damage.
The hornet stings you.
You die... ###.#....# ...# .#.####..## #..# .# $?( #'###.##..# +..# .# !!= #.####.#..# #..# .# %!?(

.<.'.##'..### ^.##.#▓(!)$
#.##...#....###.^.##▓▓▓▓▓
#'###.##......h≈h≈≈≈≈≈≈≈≈
.#.####≈≈.....c#y########
.#..#≈≈≈≈≈≈≈..≈#@h_.....#
#.###≈≈≈≈≈≈§≈.≈#._._....#
#'##≈≈≈≈≈§§≈≈§≈#_._._...#
≈≈≈≈≈≈≈≈≈§≈≈≈≈≈#._._._..#
+#+++#≈≈≈§§≈≈≈≈#_._._._.#
°≈○° ##≈≈§###≈≈#._._._._#
°°°°○°##§§# #≈≈#.._._._.#
≈8≈○○°°+§≈# #≈≈#._._._..#
°°°≈°°##§≈§≈


You could see 3 polar bears, a yaktaur and a hornet.

Vanquished Creatures
  2 hippogriffs (D)
  A vampire mosquito (D)
  4 necrophages (D)
  A crocodile (D)
  4 worker ants (D)
  3 worms (D)
15 creatures vanquished.

Vanquished Creatures (others)
  Menkaure (D)
  A crocodile (D)
2 creatures vanquished.

Grand Total: 17 creatures vanquished

Notes
Turn   | Place    | Note
-------+----------+-------------------------------------------
     0 | D        | Hugehornet the Gargoyle Fighter began the quest for the
                  | Orb.
     0 | D        | Reached XP level 1. HP: 14/14 MP: 1/1
     1 | D        | Noticed a hippogriff
     1 | D        | Noticed a hippogriff
     7 | D        | HP: 1/21 [hippogriff (4)]
     9 | D        | Killed a hippogriff
     9 | D        | Reached skill level 10 in Maces & Flails
     9 | D        | Reached XP level 2. HP: 2/19 MP: 2/2
     9 | D        | Reached XP level 3. HP: 2/23 MP: 3/3
     9 | D        | Reached XP level 4. HP: 3/28 MP: 4/4
     9 | D        | Reached XP level 5. HP: 3/32 MP: 5/5
    15 | D        | HP: 1/48 [hippogriff (3)]
    18 | D        | Killed a hippogriff
    18 | D        | Reached skill level 13 in Maces & Flails
    18 | D        | Reached XP level 6. HP: 1/37 MP: 6/6
    30 | D        | Killed Menkaure
   315 | D        | Noticed a necrophage
   315 | D        | Noticed a necrophage
   315 | D        | Noticed a necrophage
   315 | D        | Noticed a necrophage
   321 | D        | Killed a necrophage
   321 | D        | Reached XP level 7. HP: 34/41 MP: 7/7
   324 | D        | Reached skill level 14 in Maces & Flails
   328 | D        | Reached skill level 5 in Armour
   471 | D        | Reached XP level 8. HP: 45/46 MP: 8/8
   728 | D        | Found Jywucw's Book Shop.
   728 | D        | Found Maom's Magic Scroll Shop.
   728 | D        | Found Joreffuo's Antique Armour Boutique.
   728 | D        | Found Ideff's Distillery.
   728 | D        | Found Ginwaet's Jewellery Boutique.
   728 | D        | Found Oneiqat's General Store.
   728 | D        | Found Saexec's Magic Scroll Shop.
   728 | D        | Found Hawn's Distillery.
   729 | D        | Found Syxzi's Gadget Boutique.
   729 | D        | Found Tavvydgh's Jewellery Shop.
   730 | D        | Found Ulegg's Antique Armour Shop.
   730 | D        | Found Esiam's Food Boutique.
   731 | D        | Found Etrotunia's Antique Weapon Boutique.
   731 | D        | Found Uvirit's Magic Scroll Shop.
   731 | D        | Noticed an oklob plant
   731 | D        | Noticed a hippogriff
   732 | D        | Found Mal Tequas's Book Shoppe.
   732 | D        | Found Kigguqe's Antique Weapon Boutique.
   732 | D        | Noticed a hippogriff
   734 | D        | Noticed a hippogriff
   760 | D        | Noticed an iron elemental
   767 | D        | Bought the amulet "Alotruob" {Reflect rF+ MR- Slay+5 SH+4
                  | SInv} for 744 gold pieces
   791 | D        | Reached skill level 10 in Armour
   850 | D        | Noticed an obsidian statue
   862 | D        | Found an iron altar of Okawaru.
   862 | D        | Found a radiant altar of Vehumet.
   862 | D        | Found a glowing silver altar of Zin.
   863 | D        | Found a sparkling altar of Nemelex Xobeh.
   863 | D        | Found a hide-covered altar of Uskayaw.
   863 | D        | Found a basalt altar of Yredelemnul.
   864 | D        | Found an opulent altar of Gozag.
   864 | D        | Found a burning altar of Makhleb.
   864 | D        | Found a bloodstained altar of Trog.
   865 | D        | Found a blossoming altar of Fedhas.
   865 | D        | Found a corrupted altar of Lugonu.
   865 | D        | Found a shimmering blue altar of Sif Muna.
   866 | D        | Found a white marble altar of Elyvilon.
   866 | D        | Found an ancient bone altar of Kikubaaqudgha.
   867 | D        | Found a shadowy altar of Dithmenos.
   867 | D        | Found a viscous altar of Jiyva.
   868 | D        | Found a snail-covered altar of Cheibriados.
   869 | D        | Noticed a polar bear
   870 | D        | Found a roughly hewn altar of Beogh.
   870 | D        | Found a shimmering altar of Xom.
   870 | D        | Found a sacrificial altar of Ru.
   870 | D        | Found a hazy altar of Hepliaklqana.
   870 | D        | Noticed a polar bear
   870 | D        | Noticed a polar bear
   871 | D        | Found a glowing golden altar of the Shining One.
   871 | D        | Found an ornate altar of the Wu Jian Council.
   871 | D        | Found a stormy altar of Qazlal.
   871 | D        | Noticed a yaktaur
   872 | D        | Noticed a hornet
   874 | D        | Became a worshipper of Warmaster Okawaru
   892 | D        | Slain by a hornet

Levels and vault maps discovered:
D:        the_violet_keep_of_menkaure [sprint2_stairs_cluster_1,
          sprint2_shoproom, sprint2_temple, sprint2_basic_supplies,
          sprint2_obstacle_3, sprint2_obstacle_6, sprint2_obstacle_7,
          sprint2_obstacle_4, sprint2_obstacle_5, sprint2_timed_cluster_1,
          sprint2_smallroom_cluster_1, sprint2_smallroom_final_cluster_1,
          sprint2_transparent_cluster_1, sprint2_second_timed_cluster_1,
          sprint2_sniper_area_1, sprint2_heavy_combat_area_1,
          sprint2_mutation_trap_area_1, sprint2_forest_area_1,
          sprint2_light_combat_area_1, sprint2_behind_water_1,
          sprint2_near_end_vault_1]

Skill      XL: |  1  2  3  4  5  6  7  8 |
---------------+-------------------------+-----
Maces & Flails | 10 13 14 | 14.4
Armour         | 9 10 | 10.3
Fighting       | |  3.2
Shields        | |  3.2

Action                   |  1- 3 |  4- 6 |  7- 9 || total
-------------------------+-------+-------+-------++-------
Melee: Flail             |     5 |    13 |    69 ||    87
  Use: Potion            |     1 |     1 |       ||     2
Armor: Scale mail        |    12 |     6 |    32 ||    50
Dodge: Dodged            |     2 |     1 |    14 ||    17
Block: Shield            |     3 |     5 |    19 ||    27
